 Dungeon Crawl Stone Soup version 0.30.1-11-g7821555f0a (webtiles) character file.

Game seed: 16529855031268090166

63656 FakeRyeBread the Ruinous (level 15, -8/72 HPs)
             Began as a Gargoyle Fire Elementalist on Dec 4, 2023.
             Was a High Priest of Vehumet.
             Mangled by Nessos the ghost moth (13 damage)
             ... on level 3 of the Lair of Beasts.
             The game lasted 01:20:51 (19289 turns).

FakeRyeBread the Ruinous (GrFE)                    Turns: 19289, Time: 01:20:52

Health: -8/72      AC: 25    Str: 10 (13) XL:     15   Next: 10%
Magic:  0/41       EV:  8    Int: 23 (25) God:    Vehumet [*****.]
Gold:   751        SH:  5    Dex:  7 (10) Spells: 24/40 levels left

rFire   . . .        M - staff of conjuration
rCold   . . .        N - +0 kite shield
rNeg    + . .        i - +2 troll leather armour
rPois   ∞            s - +2 hat
rElec   +            D - +2 cloak "Cuynamo" {Harm Int+3}
rCorr   .            E - +2 pair of gloves
SInv    .            (no boots)
Will    ++...        t - amulet of magic regeneration
Stlth   +            n - ring of magical power
HPRegen 1.12/turn    H - ring of willpower
MPRegen 0.67/turn

%: harm (+30% outgoing, +20% incoming)
@: flying, hasted, very quick
A: sickness immunity, AC +11, big wings, negative energy resistance 1,
electricity resistance, torment resistance 1, petrification resistance
a: Renounce Religion


You were on level 3 of the Lair of Beasts.
You worshipped Vehumet.
Vehumet was extremely pleased with you.
You visited 3 branches of the dungeon, and saw 20 of its levels.
You also visited: Ice Cave.

You collected 1551 gold pieces.
You spent 800 gold pieces at shops.

Inventory:

Armour
 f - a +1 buckler
 i - a +2 troll leather armour (worn)
 s - a +2 hat (worn)
 D - the +2 cloak "Cuynamo" (worn) {Harm Int+3}
   (You found it on level 9 of the Dungeon)

   Int:       It affects your intelligence (+3).
   Harm:      It increases damage dealt and taken.
 E - a +2 pair of gloves (worn)
 J - a +2 robe of willpower
 N - a +0 kite shield (worn)
Magical Staves
 g - a staff of earth
 y - a staff of death
 M - a staff of conjuration (weapon)
Jewellery
 n - a ring of magical power (left hand)
 t - an amulet of magic regeneration (around neck)
 H - a ring of willpower (right hand)
 R - a ring of wizardry
Wands
 l - a wand of paralysis (33)
 o - a wand of flame (32)
 F - a wand of quicksilver (3)
 G - a wand of mindburst (11)
 Q - a wand of iceblast (7)
 T - a wand of polymorph (8)
Scrolls
 a - 5 scrolls of identify
 h - a scroll of magic mapping
 j - 2 scrolls of fear
 w - 3 scrolls of fog
 B - 5 scrolls of enchant weapon
 C - 6 scrolls of teleportation
 I - 2 scrolls of silence
 L - 2 scrolls of poison
Potions
 c - 3 potions of haste
 d - a potion of curing
 e - 3 potions of brilliance
 m - 5 potions of degeneration
 p - 2 potions of ambrosia
 q - 4 potions of mutation
 r - 4 potions of flight
 u - 2 potions of resistance
 x - 3 potions of cancellation
 z - 2 potions of might
 A - a potion of invisibility
 K - 3 potions of berserk rage
 P - a potion of attraction
Miscellaneous
 b - a lightning rod (1/4) (quivered)
 v - a tin of tremorstones (2/2)
 O - a phial of floods


   Skills:
 - Level 1.5 Dodging
 - Level 2.1 Stealth
 + Level 13.3 Spellcasting
 * Level 21.6 Conjurations
 + Level 11.6 Fire Magic


You had 24 spell levels left.
You knew the following spells:

 Your Spells              Type           Power      Damage    Failure   Level
a - Foxfire               Conj/Fire      100%       2x1d9     1%          1
b - Scorch                Fire           100%       2d9       1%          2
c - Flame Wave            Conj/Fire      95%        2d20      1%          4
d - Stone Arrow           Conj/Erth      100%       3d13      1%          3
e - Plasma Beam           Fire/Air       21%        2x1d36    69%         6

Your spell library contained the following spells:

 Spells                   Type           Power      Damage    Failure   Level
 Magic Dart               Conj           100%       1d8       0%          1
 Kiss of Death            Conj/Necr      100%       2d13      1%          1
 Static Discharge         Conj/Air       100%       2-7/arc   1%          2
 Mephitic Cloud           Conj/Pois/Air  64%        N/A       1%          3
 Sticky Flame             Conj/Fire      95%        2d10      1%          4
 Orb of Destruction       Conj           53%        9d13      1%          7
 Inner Flame              Hex/Fire       42%        N/A       2%          3
 Volatile Blastmotes      Fire/Tloc      84%        2d17      2%          3
 Arcjolt                  Conj/Air       39%        1d49      2%          5
 Ignite Poison            Fire/Tmut/Pois 33%        N/A       5%          3
 Freezing Cloud           Conj/Ice/Air   32%        6-21      12%         5
 Poisonous Vapours        Pois/Air       30%        N/A       13%         2
 Apportation              Tloc           30%        N/A       30%         1
 Summon Small Mammal      Summ           60%        N/A       30%         1
 Call Imp                 Summ           30%        N/A       43%         2
 Airstrike                Air            7%         2d(2-18)  58%         4
 Spellforged Servitor     Conj/Summ      39%        N/A       58%         7
 Call Canine Familiar     Summ           15%        N/A       67%         3
 Confusing Touch          Hex            15%        N/A       67%         3
 Ozocubu's Armour         Ice            15%        N/A       67%         3
 Summon Guardian Golem    Hex/Summ       15%        N/A       67%         3
 Vhi's Electric Charge    Tloc/Air       30%        N/A       67%         3
 Dispel Undead            Necr           15%        3d10      97%         4
 Summon Lightning Spire   Summ/Air       15%        N/A       97%         4
 Alistair's Intoxication  Tmut/Pois      10%        N/A       100%        5
 Borgnjor's Vile Clutch   Necr/Erth      7%         N/A       100%        5
 Summon Forest            Summ/Tloc      7%         N/A       100%        5
 Death Channel            Necr           7%         N/A       100%        6
 Eringya's Noxious Bog    Tmut/Pois      7%         N/A       100%        6
 Ozocubu's Refrigeration  Ice            7%         4d9       100%        7
 Summon Hydra             Summ           7%         N/A       100%        7
 Cigotuvi's Dreadful Rot  Necr/Pois/Air  Unusable   N/A       N/A         2

Dungeon Overview and Level Annotations

Branches:
Dungeon (14/15)            Temple (1/1) D:6            Lair (5/5) D:11
  Swamp (0/4) Lair:3       Spider (0/4) Lair:2        Slime (0/5) Lair:4
    Orc (0/2) D:11          IceCv (visited)
 Vaults: D:13-14

Altars:
Ashenzari
Cheibriados
Dithmenos
Elyvilon
Fedhas
Gozag
Hepliaklqana
Kikubaaqudgha
Makhleb
Nemelex Xobeh
Okawaru
Qazlal
Ru
Sif Muna
Trog
Uskayaw
Vehumet
Wu Jian
Xom
Yredelemnul
Zin
The Shining One
Jiyva

Shops:
D:9 :

Portals:
Trove: D:13 (give +3 shadow dragon scales)

Annotations:
D:6 3 runed translucent doors, exclusion: oklob plant, BrewmasterC's ghost, novice MeEE; HorsePiss's ghost, novice MiFi
Lair:4 Nessos


Innate Abilities, Weirdness & Mutations

You are immune to sickness and miasma.
Your stone body is resilient. (AC +11)
You are immune to poison.
Your large and strong wings let you fly.
You resist negative energy. (rN+)
You are resistant to electric shocks. (rElec)
You are resistant to unholy torment.
You are immune to petrification.


Message History

Something stings you but does no damage.
The torpor snail bites you but does no damage.
You feel better. Something completely misses you.
Something hits you but does no damage.
Something stings you but does no damage.
You feel better.
You feel you are being watched by something.
You feel your power leaking away. Something hits you.
You feel weakened. Something hits you but does no damage.
Something stings you but does no damage.
The torpor snail barely misses you.
You feel you are being watched by something.
Something hits you but does no damage. Something hits you.
* * * LOW HITPOINT WARNING * * *
Something stings you but does no damage.
The torpor snail bites you!
* * * LOW HITPOINT WARNING * * *
You feel you are being watched by something.
You feel your power leaking away.
There is a stone staircase leading up here.
You feel you are being watched by something.
Something hits you.
* * * LOW HITPOINT WARNING * * *
Something hits you but does no damage.
Something stings you but does no damage.
You fly upwards.
Reactivating autopickup.
You feel yourself speed up.
There is a stone staircase leading down here.
Aiming: Thunderbolt
Press: ? - help, Q - select action, (/) - cycle Shift-Dir - straight line The thunderbolt hits something!
You feel you are being watched by something.
You feel your power leaking away. Something hits you but does no damage.
Deactivating autopickup; reactivate with Ctrl-A.
Something hits you!
You die...

...#.#....#.#.........##.##..#P..
##.....#.#.###........#..#P..#...
##....##................##....#..
####..##........##P...........#..
.###.............#....#..........
.#........#...........##.........
....##.#.............#####.......
#...###........{......####......#
#...###.........@......#.........
.............#...................
............##....####......(.(..
.#...###....####..###.#.....(P(..
.#....####<## #...#####...P.(...
.P.........## ##..####..........
............# ##...#.....#......
.....#.#...#####..........###....
....#####...P#.#.......#.#.#.....


There were no monsters in sight!

Vanquished Creatures
  A stone giant (D:10)
  A reaper (IceCv)
  2 hydras
  4 boulder beetles
  A tengu warrior (D:10)
  5 two-headed ogres
  A sea snake (shapeshifter) (D:13)
  Pikel (D:8)
  An orb spider (Lair:2)
  A deep elf archer (D:10)
  4 deep elf pyromancers
  An ugly thing (D:13)
  3 oklob plants
  A will-o-the-wisp (Lair:3)
  2 cyclopes (D:12)
  3 elephants (Lair:3)
  2 ice statues (IceCv)
  5 black mambas
  10 cane toads
  A gargoyle (D:13)
  4 rime drakes
  2 unseen horrors
  A kobold demonologist (D:12)
  An anaconda simulacrum (IceCv)
  6 ice devils (IceCv)
  8 komodo dragons
  2 polar bears
  A hornet (D:8)
  4 trolls
  Prince Ribbit (D:5)
  15 blink frogs
  6 wyverns
  5 slime creatures (D:12)
  Sigmund (D:6)
  2 shadows
  3 wraiths
  37 yaks
  3 dire elephant simulacra (IceCv)
  2 basilisks
  10 vampire mosquitoes
  A basilisk (shapeshifter) (D:13)
  2 steam dragons
  A death yak simulacrum (IceCv)
  3 harpy simulacra (IceCv)
  Menkaure (D:4)
  9 water moccasins
  5 acid dragons
  Duvessa (D:7)
  3 hydra simulacra (IceCv)
  2 black bears
  A floating eye (Lair:3)
  6 orc warriors
  5 ice beasts
  2 sky beasts
  3 ogres (D:5)
  16 wolves
  9 centaurs
  2 lemures (D:8)
  A kobold brigand (D:8)
  9 bullfrogs
  2 gnoll sergeants
  2 scorpions
  A two-headed ogre simulacrum (IceCv)
  15 wights
  Dowan (D:7)
  3 howler monkeys
  An electric eel (Lair:2)
  2 hounds
  14 orc priests
  Crazy Yiuf (D:2)
  3 jellies
  2 gnoll boudas
  5 iguanas
  3 sleepcaps
  Terence (D:2)
  10 orc wizards
  A spriggan simulacrum (IceCv)
  A wolf simulacrum (IceCv)
  A mummy (D:10)
  Robin (D:2)
  16 gnolls
  9 adders
  2 shadow imps
  12 white imps (Lair:4)
  2 ufetubi
  3 worms
  4 dart slugs
  64 orcs
  3 bats
  8 endoplasms
  3 giant cockroaches
  13 goblins
  11 hobgoblins
  13 kobolds
  6 quokkas
  6 ball pythons
  5 frilled lizards
  7 rats
503 creatures vanquished.

Vanquished Creatures (others)
  A wyvern (D:10)
  32 foxfires
33 creatures vanquished.

Grand Total: 536 creatures vanquished

Notes
Turn   | Place    | Note
-------+----------+-------------------------------------------
     0 | D:1      | FakeRyeBread the Gargoyle Fire Elementalist began the quest
                  | for the Orb.
     0 | D:1      | Reached XP level 1. HP: 10/10 MP: 3/3
   185 | D:1      | Reached skill level 2 in Conjurations
   187 | D:1      | Reached XP level 2. HP: 8/15 MP: 3/5
   595 | D:1      | Reached skill level 3 in Conjurations
   876 | D:2      | Reached XP level 3. HP: 10/19 MP: 3/6
   879 | D:2      | Learned a level 2 spell: Scorch
  1320 | D:2      | Found a runed translucent door.
  1321 | D:2      | Noticed Crazy Yiuf
  1461 | D:2      | Noticed Terence
  1468 | D:2      | Killed Terence
  1469 | D:2      | Reached XP level 4. HP: 16/24 MP: 0/7
  1550 | D:2      | Reached skill level 4 in Conjurations
  1963 | D:2      | Noticed Robin
  1976 | D:2      | Killed Robin
  1977 | D:2      | Reached XP level 5. HP: 13/28 MP: 1/8
  2184 | D:2      | Killed Crazy Yiuf
  3008 | D:4      | Identified the +1 robe of Bemiwn {rC+}
  3058 | D:4      | Reached skill level 5 in Conjurations
  3058 | D:4      | Reached XP level 6. HP: 32/32 MP: 1/9
  3350 | D:4      | Found an iron altar of Okawaru.
  3712 | D:4      | Reached skill level 5 in Fire Magic
  3787 | D:4      | Noticed Menkaure
  3792 | D:4      | Killed Menkaure
  3793 | D:4      | Reached skill level 6 in Conjurations
  3793 | D:4      | Reached XP level 7. HP: 36/36 MP: 1/10
  4279 | D:5      | Entered Level 5 of the Dungeon
  4408 | D:5      | Reached skill level 7 in Conjurations
  4626 | D:4      | HP: 1/36 [black bear (3)]
  4794 | D:5      | Learned a level 4 spell: Flame Wave
  5028 | D:5      | Reached skill level 8 in Conjurations
  5275 | D:5      | Reached XP level 8. HP: 40/41 MP: 3/11
  5348 | D:5      | Reached skill level 9 in Conjurations
  5599 | D:5      | Noticed Prince Ribbit
  5606 | D:5      | Killed Prince Ribbit
  5607 | D:5      | Reached skill level 10 in Conjurations
  5845 | D:5      | Identified the +4 mace of Certain Death {pain, rPois rF-
                  | rCorr Int+7 SInv}
  6235 | D:6      | Found a runed translucent gate.
  6236 | D:6      | Found a runed translucent gate.
  6237 | D:6      | Found a runed translucent gate.
  6238 | D:6      | Noticed HorsePiss's ghost (novice MiFi)
  6238 | D:6      | Noticed BrewmasterC's ghost (novice MeEE)
  6241 | D:6      | Found a staircase to the Ecumenical Temple.
  6267 | Temple   | Entered the Ecumenical Temple
  6496 | D:6      | Reached skill level 11 in Conjurations
  6650 | D:6      | Found a stormy altar of Qazlal.
  6804 | D:5      | Reached XP level 9. HP: 44/45 MP: 5/12
  7429 | D:6      | Noticed Sigmund
  7482 | D:6      | Killed Sigmund
  7483 | D:6      | Reached skill level 12 in Conjurations
  7597 | D:6      | Found a blossoming altar of Fedhas.
  7628 | D:6      | Noticed an oklob plant
  7727 | D:6      | Found an ornate altar of the Wu Jian Council.
  8161 | D:7      | Paralysed by a gnoll for 3 turns
  8578 | D:7      | Reached skill level 13 in Conjurations
  8583 | D:7      | Noticed Duvessa
  8592 | D:7      | Noticed Dowan
  8598 | D:7      | Killed Dowan
  8620 | D:7      | Killed Duvessa
  8720 | D:7      | Reached XP level 10. HP: 50/50 MP: 11/16
  8783 | D:7      | Found a shadowy altar of Dithmenos.
  8783 | D:7      | Found a radiant altar of Vehumet.
  8788 | D:7      | Became a worshipper of Vehumet
  9514 | D:8      | Reached skill level 5 in Spellcasting
  9669 | D:8      | Reached skill level 14 in Conjurations
  9902 | D:8      | Noticed Pikel
  9912 | D:8      | Killed Pikel
 10776 | D:9      | Identified the +2 cloak "Cuynamo" {Harm Int+3}
 11008 | D:9      | Found Ymis's Book Shoppe.
 11134 | D:9      | Identified a scroll of acquirement
 11134 | D:9      | Acquired 438 gold pieces
 11242 | D:9      | Bought a manual of Spellcasting for 800 gold pieces
 11322 | D:10     | Entered Level 10 of the Dungeon
 11393 | D:10     | Reached * piety under Vehumet
 11393 | D:10     | Offered knowledge of Magic Dart by Vehumet.
 11394 | D:10     | Reached XP level 11. HP: 50/54 MP: 11/20
 11413 | D:10     | Reached skill level 15 in Conjurations
 11495 | D:10     | Noticed a two-headed ogre
 11499 | D:10     | Killed a two-headed ogre
 11622 | D:10     | Found a snail-covered altar of Cheibriados.
 11697 | D:10     | Noticed a two-headed ogre
 11705 | D:10     | Killed a two-headed ogre
 11802 | D:10     | Noticed a stone giant
 11804 | D:10     | Noticed a deep elf archer
 11811 | D:10     | Killed a deep elf archer
 11816 | D:10     | Killed a stone giant
 11826 | D:10     | Identified the +8 spear of Guenec {flame, rF- Str+7}
 11828 | D:10     | Identified the +11 war axe of the Endless Spirits {heavy,
                  | rC+ Int+3 Stlth+}
 11867 | D:10     | Noticed a tengu warrior
 11870 | D:10     | Killed a tengu warrior
 11871 | D:10     | Reached skill level 16 in Conjurations
 11933 | D:10     | Noticed a two-headed ogre
 11937 | D:10     | Noticed a deep elf pyromancer
 11940 | D:10     | Killed a two-headed ogre
 11957 | D:10     | Killed a deep elf pyromancer
 11973 | D:10     | Reached XP level 12. HP: 17/59 MP: 19/25
 12737 | D:11     | Noticed a two-headed ogre
 12742 | D:11     | Killed a two-headed ogre
 12781 | D:11     | Reached ** piety under Vehumet
 12788 | D:11     | Offered knowledge of Searing Ray by Vehumet.
 12793 | D:11     | Found a staircase to the Orcish Mines.
 12807 | D:11     | Noticed a boulder beetle
 12849 | D:11     | Killed a boulder beetle
 13028 | D:11     | Offered knowledge of Poisonous Vapours by Vehumet.
 13034 | D:11     | Reached skill level 17 in Conjurations
 13263 | D:11     | Found a staircase to the Lair.
 13605 | D:12     | Reached skill level 10 in Spellcasting
 13634 | D:12     | Reached *** piety under Vehumet
 13637 | D:12     | Reached skill level 19 in Conjurations
 13637 | D:12     | Reached XP level 13. HP: 63/63 MP: 24/27
 13739 | D:12     | Offered knowledge of Stone Arrow by Vehumet.
 13744 | D:12     | Learned a level 3 spell: Stone Arrow
 14340 | D:13     | Found a white marble altar of Elyvilon.
 14436 | D:13     | Found a portal to a secret trove of treasure.
 14972 | Lair:1   | Entered Level 1 of the Lair of Beasts
 15032 | Lair:1   | Gained mutation: Your large and strong wings let you fly.
                  | [Gargoyle growth]
 15032 | Lair:1   | Reached XP level 14. HP: 66/68 MP: 25/29
 15045 | Lair:1   | Reached skill level 10 in Fire Magic
 15048 | Lair:1   | Reached **** piety under Vehumet
 15050 | Lair:1   | Reached skill level 20 in Conjurations
 15260 | Lair:1   | Offered knowledge of Dazzling Flash by Vehumet.
 15917 | Lair:2   | Found a hole to the Spider Nest.
 16079 | Lair:2   | Found an ancient bone altar of Kikubaaqudgha.
 16763 | Lair:3   | You are sucked into a shaft and drop 2 floors!
 16763 | Lair:5   | Entered Level 5 of the Lair of Beasts
 17095 | Lair:4   | Found a viscous altar of Jiyva.
 17097 | Lair:4   | Found a staircase to the Slime Pits.
 17126 | Lair:4   | Found a frozen archway.
 17132 | Lair:4   | Reached ***** piety under Vehumet
 17136 | Lair:4   | Offered knowledge of Plasma Beam by Vehumet.
 17143 | IceCv    | Entered an ice cave
 17173 | IceCv    | Learned a level 6 spell: Plasma Beam
 17242 | IceCv    | HP: 2/68 [ice statue] (28)]
 17402 | IceCv    | Reached skill level 21 in Conjurations
 17595 | IceCv    | Noticed a reaper
 17609 | IceCv    | Killed a reaper
 17954 | Lair:4   | Found a stormy altar of Qazlal.
 17957 | Lair:4   | Noticed Nessos
 18080 | Lair:3   | Found a staircase to the Swamp.
 18221 | Lair:3   | Paralysed by a floating eye for 4 turns
 18433 | Lair:3   | Reached XP level 15. HP: 72/72 MP: 32/32
 19262 | Lair:4   | Nessos changed into something unseen
 19281 | Lair:4   | HP: 3/72 [something (12)]
 19287 | Lair:4   | HP: 3/72 [something (7)]
 19289 | Lair:3   | Mangled by Nessos the ghost moth

Illustrated notes

Levels and vault maps discovered:
D:1:      roderic_crop_circles_arrival_small, layout_rooms
D:2:      layout_basic, uniq_terence, uniq_crazy_yiuf_cottage, uniq_robin
D:3:      layout_basic
D:4:      layout_basic, kennysheep_okawaru_gauntlet, uniq_menkaure
D:5:      minmay_spotlight, layout_layer_cave, uniq_prince_ribbit1
D:6:      layout_rooms, tgw_fedhas, minmay_temple_entry_hall,
          gammafunk_ghost_cemetery, hangedman_feature_mirror, hex_medium,
          sigmund_army
D:7:      hellmonk_ruined_rings, layout_cave_pods,
          gammafunk_temple_overflow_statue, uniq_duvessa
D:8:      layout_cave_pods, uniq_pikel
D:9:      layout_loops_ring, serial_shops, shop
D:10:     minmay_the_grid_3x3 [minmay_the_grid_mess, minmay_the_grid_square_x,
          minmay_the_grid_minigrid_large, minmay_the_grid_garden,
          minmay_the_grid_empty, minmay_the_grid_all_tris, minmay_the_grid_fan,
          minmay_the_grid_tiny_cups, minmay_the_grid_prize_diamond_cup],
          layout_gridville, chei_slow_surprise
D:11:     layout_irregular_city, lair_entry_dummy, hiddenorc2_lemuel
D:12:     layout_basic, minmay_unpleasant_kobolds
D:13:     minmay_cornered_nines, layout_loops_ring,
          nicolae_trove_entry_crossroad, elyvilon_altar_4
D:14:     layout_cave_pools, david_vaults_1, serial_shops, shop_fountains,
          nicolae_figureground_pulse, uniq_azrael, uniq_rupert
Temple:   nicolae_temple_bog_church
Lair:1:   layout_regular_city, minmay_lair_oklob_bushes, st_stairs_10
Lair:2:   layout_gridlike, nicolae_spider_entry_orb_guardian,
          lemuel_centaur_altar
Lair:3:   layout_layer_cave, minmay_swamp_entry_wisps, disabler_island,
          lemuel_fruit_tree
Lair:4:   layout_hall_layers, nicolae_slime_entry_slimehenge,
          portal_ice_cave_entry_imps, basic_altar, uniq_nessos
Lair:5:   guppyfry_lair_end_dragon, layout_regular_city, serial_bayou_shore_b

Skill      XL: |  1  2  3  4  5  6  7  8  9 10 11 12 13 14 |
---------------+-------------------------------------------+-----
Conjurations   | 2 3 4 5 6 8 11 13 14 16 19 21 | 21.6
Fire Magic     | 4 5 6 8 9 11 | 11.6
Spellcasting   | 4 6 9 10 11 13 | 13.3
Dodging        | |  1.5
Stealth        | |  2.1

Action                     |  1- 3 |  4- 6 |  7- 9 | 10-12 | 13-15 || total
---------------------------+-------+-------+-------+-------+-------++-------
  Melee: Whip              |    81 |       |       |       |       ||    81
         Unarmed           |    14 |       |       |       |       ||    14
         Short sword       |    83 |   135 |   156 |    26 |       ||   400
         Punch             |     1 |     1 |     2 |       |       ||     4
         Dagger            |       |    14 |    11 |       |       ||    25
         Staff             |       |       |       |       |    12 ||    12
   Cast: Foxfire           |    17 |     2 |     1 |       |       ||    20
         Scorch            |     3 |    46 |    72 |    20 |     2 ||   143
         Flame Wave        |       |       |    30 |    75 |   104 ||   209
         Stone Arrow       |       |       |       |       |    41 ||    41
  Evoke: Wand              |       |       |    30 |     1 |     3 ||    34
         Lightning rod     |       |       |       |     5 |     8 ||    13
    Use: Potion            |       |     3 |     2 |     2 |    20 ||    27
         Scroll            |       |       |    20 |    13 |     6 ||    39
   Stab: Sleeping          |     1 |     2 |       |       |     1 ||     4
 Armour: Robe              |    68 |    87 |   209 |    81 |       ||   445
         Troll leather arm |       |       |       |    21 |   157 ||   178
  Dodge: Dodged            |   111 |    91 |   208 |    91 |    68 ||   569
  Block: Buckler           |       |       |       |     8 |     4 ||    12
         Kite shield       |       |       |       |       |    46 ||    46
